 Dungeon Crawl Stone Soup version 0.24.0-13-gcf9b3192b9 (webtiles) character file.

Game seed: 11075409391276427152, levelgen mode: deterministic

54 Matador8 the Vexing (level 3, -1/19 HPs)
             Began as a Vampire Enchanter on Nov 6, 2019.
             Slain by an adder (2 damage)
             ... on level 2 of the Dungeon.
             The game lasted 00:08:08 (1627 turns).

Matador8 the Vexing (Vampire Enchanter)             Turns: 1627, Time: 00:08:08

Health: -1/19      AC:  3    Str:  5 (7)  XL:     3   Next: 66%
Magic:  5/6        EV: 12    Int: 15 (18) God:
Gold:   133        SH:  0    Dex: 11 (14) Spells: 2/6 levels left

rFire    . . .     SeeInvis +   a - +1 dagger
rCold    + + .     Gourm    .   (no shield)
rNeg     + + +     Faith    .   b - +0 robe
rPois    ∞         Spirit   .   (no helmet)
rElec    .         Reflect  .   d - +0 cloak
rCorr    .         Harm     .   (no gloves)
MR       .....                  (no boots)
Stlth    ++++......             (no amulet)
HPRegen  0.00/turn              (no ring)
MPRegen  0.10/turn              (no ring)

@: bloodless, regenerating quickly
A: no food, fangs 3, see invisible, unbreathing
a: Bat Form, Revivify


You were on level 2 of the Dungeon.
You were bloodless.

You visited 1 branch of the dungeon, and saw 2 of its levels.

You collected 133 gold pieces.

Inventory:

Hand Weapons
 a - a +1 dagger (weapon)
Missiles
 l - a throwing net (quivered)
Armour
 b - a +0 robe (worn)
 d - a +0 cloak (worn)
Scrolls
 e - a scroll of enchant armour {unknown}
 h - a scroll of blinking {unknown}
 i - 2 scrolls of remove curse {unknown}
 j - a scroll of enchant weapon {unknown}
 k - a scroll of teleportation {unknown}
Potions
 f - a potion of lignification {unknown}
 g - a potion of invisibility {unknown}


   Skills:
 - Level 3.0 Short Blades
 - Level 2.1 Dodging
 - Level 4.4 Stealth
 + Level 2.3 Spellcasting
 + Level 5.3 Hexes


You had 2 spell levels left.
You knew the following spells:

 Your Spells              Type           Power        Failure   Level  Hunger
a - Corona                Hex            ###....      2%          1    N/A
b - Tukima's Dance        Hex            ###.....     8%          3    N/A

Your spell library contained the following spells:

 Spells                   Type           Power        Failure   Level  Hunger
 Ensorcelled Hibernation  Hex/Ice        #.....       11%         2    N/A
 Confuse                  Hex            ###.....     8%          3    N/A
 Dazzling Spray           Conj/Hex       #.....       22%         3    N/A

Dungeon Overview and Level Annotations

Branches:
Dungeon (2/15)

Altars:


Innate Abilities, Weirdness & Mutations

You do not eat.
You do not regenerate when monsters are visible.
You are frail without blood (-20% HP).
You can heal yourself when you bite living creatures.
You are immune to poison.
You have razor-sharp teeth.
You have supernaturally acute eyesight. (SInv)
You can survive without breathing.


Message History

The adder is moderately wounded.
The adder closely misses you.
You hit the adder.
The adder is heavily wounded.
The adder bites you.
You barely miss the adder.
The adder is heavily wounded.
The adder bites you.
You hit the adder.
The adder is heavily wounded.
The adder barely misses you. The adder bites you but does no damage.
You closely miss the adder.
The adder is heavily wounded.
The adder bites you.
* * * LOW HITPOINT WARNING * * *
It was a potion of degeneration.
There was something very wrong with that liquid.
You feel weakened.
You feel dopey.
You feel clumsy.
The adder stops glowing.
The adder bites you.
You die...

..#..#..#..#..#...+#.#.#.########
..#.#..#..#..#..#..#.#......
..#...#..#..#..#...#.#......
..#..#..#..#..#....#.....)..
#.#..#..#..#..#........##.
###.................##.####
.#######.).................
.########(#########.##.#####
.#.........# #.@Sw........+
.#.....†..(# #.####.#.#####
.#.........####+####.# #
.#..†......##........#
.#.........##.....w..#
.#.........##.^......#
.####.......#........#
............#........#
#####.......#.........


You could see an adder and a dart slug.

Vanquished Creatures
  2 gnolls (D:2)
  2 worms (D:2)
  A dart slug (D:2)
  A leopard gecko (D:1)
  A goblin (D:2)
  4 hobgoblins
  2 bats
  2 frilled lizards
  5 kobolds
  5 rats
25 creatures vanquished.

Vanquished Creatures (collateral kills)
  A gnoll (D:2)
1 creature vanquished.

Grand Total: 26 creatures vanquished

Notes
Turn   | Place    | Note
-------+----------+-------------------------------------------
     0 | D:1      | Matador8 the Vampire Enchanter began the quest for the Orb.
     0 | D:1      | Reached XP level 1. HP: 13/13 MP: 3/3
   411 | D:1      | Reached XP level 2. HP: 17/19 MP: 3/5
   897 | D:2      | Reached skill level 5 in Hexes
   897 | D:2      | Reached XP level 3. HP: 9/24 MP: 3/6
   981 | D:2      | Learned a level 3 spell: Tukima's Dance
  1627 | D:2      | Slain by an adder

Levels and vault maps discovered:
D:1:      nicolae_arrival_washed_ashore, layout_basic
D:2:      layout_basic, minmay_misc_feat_diagonals, minmay_pentomino_s2

Skill      XL: |  1  2  3 |
---------------+----------+-----
Short Blades   | 2 3 |  3.0
Hexes          | 5 |  5.3
Dodging        | |  2.1
Stealth        | |  4.4
Spellcasting   | |  2.3

Action                   || total
-------------------------++-------
Melee: Dagger            ||   129
       Bite              ||     5
 Cast: Corona            ||    18
       Tukima's Dance    ||     4
 Abil: Exsanguinate      ||     1
  Use: Potion            ||     1
 Stab: Sleeping          ||     6
Armor: Robe              ||    19
Dodge: Dodged            ||    77
